 Dungeon Crawl Stone Soup version 0.28.0 (webtiles) character file.

Game seed: 3029555541902522534

6745 Dirian the Fighter (level 10, -3/94 HPs)
             Began as a Minotaur Fighter on Feb 9, 2022.
             Was a Believer of Yredelemnul.
             Slain by a six-headed hydra (9 damage)
             ... on level 9 of the Dungeon.
             The game lasted 00:12:42 (7726 turns).

Dirian the Fighter (Minotaur Fighter)               Turns: 7726, Time: 00:12:42

Health: -3/94      AC: 10    Str: 26    XL:     10   Next: 75%
Magic:  16/16      EV: 10    Int:  5    God:    Yredelemnul [**....]
Gold:   578        SH:  5    Dex: 15    Spells: 9/9 levels left

rFire   . . .      SeeInvis .   k - +4 long sword (drain)
rCold   . . .      Faith    .   c - +0 buckler
rNeg    . . .      Spirit   .   o - +0 chain mail
rPois   .          Reflect  .   v - +1 hat
rElec   .          Harm     .   (no cloak)
rCorr   .          Rampage  .   (no gloves)
Will    .....                   (no boots)
Stlth   ..........              e - amulet of regeneration
HPRegen 1.05/turn               l - +6 ring of strength
MPRegen 0.15/turn               (no ring)

@: about to teleport
A: horns 2, retaliatory headbutt
a: Renounce Religion, Recall Undead Harvest, Dark Bargain


You were on level 9 of the Dungeon.
You worshipped Yredelemnul.
Yredelemnul was aware of your devotion.
You visited 1 branch of the dungeon, and saw 9 of its levels.

You collected 578 gold pieces.

Inventory:

Hand Weapons
 a - a +0 long sword
 k - a +4 long sword of draining (weapon)
Missiles
 b - 6 throwing nets (quivered)
Armour
 c - a +0 buckler (worn)
 o - a +0 chain mail (worn)
 v - a +1 hat (worn)
Jewellery
 e - an amulet of regeneration (around neck)
 l - a +6 ring of strength (left hand)
Wands
 g - a wand of flame (22)
 n - a wand of charming (33)
Scrolls
 i - 3 scrolls of fear
 r - 2 scrolls of identify
 t - a scroll of teleportation
 u - a scroll of noise {unknown}
Potions
 d - a potion of might
 f - 2 potions of attraction
 j - a potion of invisibility {unknown}
 m - 3 potions of flight {unknown}
 p - a potion of brilliance {unknown}
 q - 4 potions of curing
 s - 2 potions of mutation
 w - a potion of heal wounds


   Skills:
 + Level 10.7 Fighting
 + Level 10.0 Long Blades
 - Level 5.0 Armour
 - Level 5.0 Dodging
 - Level 5.0 Shields
 - Level 10.0 Invocations


You had 9 spell levels left.
You didn't know any spells.
Your spell library contained the following spells:

 Spells                   Type           Power      Damage    Failure   Level
 Ensorcelled Hibernation  Hex/Ice        0%         N/A       99%         2
 Passwall                 Tmut/Erth      0%         N/A       99%         2
 Portal Projectile        Hex/Tloc       0%         N/A       100%        3
 Swiftness                Air            0%         N/A       100%        3
 Blade Hands              Tmut           0%         N/A       100%        5
 Excruciating Wounds      Necr           0%         N/A       100%        5
 Dispersal                Tloc           0%         N/A       100%        6
 Disjunction              Tloc           0%         N/A       100%        8


Dungeon Overview and Level Annotations

Branches:
Dungeon (9/15)             Temple (0/1) D:5            Lair (0/6) D:8
    Orc: D:9-12

Altars:
Ashenzari
Dithmenos
Gozag
Hepliaklqana
Qazlal
Yredelemnul

Shops:
D:6 :

Annotations:
D:7 3 runed translucent doors, WhatIsLove's ghost, novice DjCj; anonymous's ghost, novice NaGl; sobakacece's ghost, novice SpEn


Innate Abilities, Weirdness & Mutations

You have a pair of horns on your head.
You reflexively headbutt those who attack you in melee.


Message History

Something hits you!
* * * LOW HITPOINT WARNING * * *
Something bites you.
* * * LOW HITPOINT WARNING * * *
Something draws strength from your injuries!
You slash the boulder beetle! You drain the boulder beetle.
You headbutt the boulder beetle.
The boulder beetle is severely wounded.
Your hornet zombie hits the boulder beetle.
You block the boulder beetle's attack. Something hits you but does no damage.
Something bites you but does no damage.
You slash the boulder beetle! You drain the boulder beetle.
The boulder beetle is almost dead.
Your hornet zombie hits the boulder beetle but does no damage.
The boulder beetle leaps!
As you read the scroll of teleportation, it crumbles to dust.
You feel strangely unstable. Something hits you.
* * * LOW HITPOINT WARNING * * *
Something bites you!
* * * LOW HITPOINT WARNING * * *
Something draws strength from your injuries!
You slash something! Your headbutt misses something.
Your hornet zombie hits the boulder beetle but does no damage.
Something hits you but does no damage. Something bites you.
* * * LOW HITPOINT WARNING * * *
Something draws strength from your injuries!
Your hornet zombie hits the boulder beetle.
The boulder beetle dies!
A black mist starts to gather...
You hear some strange, mumbled words.
Something tries to affect you, but you resist.
You can now trade souls for undead servants.
Your Long Blades skill increases to level 10!
You barely miss something. The six-headed hydra bites you.
* * * LOW HITPOINT WARNING * * *
The six-headed hydra bites you.
* * * LOW HITPOINT WARNING * * *
The six-headed hydra bites you!
You die...
Your body rises from the dead as a mindless zombie.

####....... #++####
...#....... ....#
.......### .....#
..8....# #.....# .......#
#.....## ##### ...+...##.
# ##...... .....
...#....##.'#.#+ ##.....#
##...
####.....###.D5###......#
#...
.............8K{@DZ.....#
#...
.........###..Y###.Z....#
#... ........##.'#.#
##.....# ##.. .......##.
#.# ##....# #(. .......#
##.## #....# #.. .......#
##...## #....# #..
##+#...####.....####....#
#..
#....................#
+.#
#....................# #.


You could see a six-headed hydra, a kobold demonologist, a yak, a steam dragon,
an ufetubus (summoned), a friendly hornet zombie and a friendly boulder beetle
zombie.

Vanquished Creatures
  Gastronok (D:8)
  Harold (D:8)
  A hornet (D:9)
  8 yaks
  2 orc warriors
  An ice beast (D:7)
  2 necrophages (D:5)
  6 centaurs
  4 bullfrogs
  4 scorpions
  3 wights (D:8)
  A killer bee (D:8)
  8 howler monkeys
  5 centaur zombies
  A jelly (D:6)
  A hound (D:5)
  A centaur skeleton (D:6)
  3 orc priests
  3 iguanas
  Ijyb (D:4)
  5 orc wizards
  7 gnolls (D:4)
  10 adders
  A shadow imp (D:7)
  An ufetubus (D:4)
  An adder skeleton (D:4)
  A worm (D:3)
  2 dart slugs
  14 orcs
  4 bats
  5 endoplasms
  7 goblins
  10 hobgoblins
  4 kobolds
  4 quokkas
  7 ball pythons
  2 frilled lizards
  4 rats
  A spectral kobold (D:1)
147 creatures vanquished.

Vanquished Creatures (collateral kills)
  A boulder beetle (D:9)
  A wyvern (D:4)
  An ice beast (D:8)
  2 black bears
  2 howler monkeys (D:8)
  5 orcs
  A goblin (D:2)
  A ball python (D:4)
  2 frilled lizards (D:2)
16 creatures vanquished.

Vanquished Creatures (others)
  A yak zombie (D:8)
  A centaur zombie (D:8)
  A howler monkey zombie (D:8)
  An adder zombie (D:2)
  A goblin zombie (D:4)
  An orc zombie (D:8)
  A gnoll zombie (D:4)
  A dart slug zombie (D:4)
  A frilled lizard zombie (D:2)
  A hobgoblin zombie (D:4)
  A quokka zombie (D:2)
  A rat zombie (D:2)
  2 spectral endoplasms (D:2)
  13 fungi (D:8)
  13 plants (D:8)
40 creatures vanquished.

Grand Total: 203 creatures vanquished

Notes
Turn   | Place    | Note
-------+----------+-------------------------------------------
     0 | D:1      | Dirian the Minotaur Fighter began the quest for the Orb.
     0 | D:1      | Reached XP level 1. HP: 19/19 MP: 0/0
   217 | D:1      | Reached XP level 2. HP: 27/27 MP: 1/1
   724 | D:1      | Found a faded altar of an unknown god.
   852 | D:1      | Prayed at the altar of an unknown god.
   852 | D:1      | Became a worshipper of Yredelemnul the Dark
   852 | D:1      | Reached * piety under Yredelemnul
   904 | D:2      | Reached XP level 3. HP: 21/33 MP: 2/2
  1368 | D:2      | Reached XP level 4. HP: 10/41 MP: 3/3
  2231 | D:3      | Found a basalt altar of Yredelemnul.
  2826 | D:4      | Noticed a scorpion
  2831 | D:4      | Killed a scorpion
  2832 | D:4      | Reached XP level 5. HP: 43/47 MP: 4/4
  2926 | D:4      | Noticed Ijyb
  2936 | D:4      | Killed Ijyb
  2937 | D:4      | Reached skill level 5 in Fighting
  2942 | D:4      | Reached skill level 5 in Armour
  2948 | D:4      | Your ally Ijyb died
  2958 | D:4      | Reached skill level 5 in Shields
  3093 | D:4      | Reached XP level 6. HP: 52/56 MP: 5/5
  3094 | D:4      | Reached skill level 1 in Invocations
  3098 | D:4      | Reached skill level 1 in Dodging
  3445 | D:4      | Reached ** piety under Yredelemnul
  3447 | D:4      | Noticed a wyvern
  3453 | D:4      | Killed a wyvern
  3454 | D:4      | Reached XP level 7. HP: 58/62 MP: 6/8
  4156 | D:5      | Entered Level 5 of the Dungeon
  4299 | D:5      | Found a shadowy altar of Dithmenos.
  4316 | D:5      | Reached skill level 5 in Long Blades
  4527 | D:5      | Found a stormy altar of Qazlal.
  4620 | D:5      | Found a staircase to the Ecumenical Temple.
  4999 | D:6      | Found a hazy altar of Hepliaklqana.
  5079 | D:6      | Reached XP level 8. HP: 66/71 MP: 10/10
  5264 | D:6      | Found Denaonaw's Book Boutique.
  5364 | D:6      | Found an opulent altar of Gozag.
  5720 | D:6      | Reached *** piety under Yredelemnul
  5810 | D:7      | Reached skill level 5 in Invocations
  5828 | D:7      | Found a runed translucent gate.
  5828 | D:7      | Found a runed translucent gate.
  5829 | D:7      | Found a runed translucent gate.
  5832 | D:7      | Noticed sobakacece's ghost (novice SpEn)
  5832 | D:7      | Noticed WhatIsLove's ghost (novice DjCj)
  5832 | D:7      | Noticed anonymous's ghost (novice NaGl)
  6357 | D:8      | Noticed Harold
  6372 | D:8      | Killed Harold
  6373 | D:8      | Reached skill level 5 in Dodging
  6373 | D:8      | Reached XP level 9. HP: 32/81 MP: 11/13
  6844 | D:8      | Found a broken altar of Ashenzari.
  6899 | D:8      | Reached XP level 10. HP: 70/91 MP: 15/15
  7119 | D:8      | Noticed Gastronok
  7135 | D:8      | Killed Gastronok
  7143 | D:8      | Reached **** piety under Yredelemnul
  7146 | D:8      | Reached ***** piety under Yredelemnul
  7290 | D:8      | Found a staircase to the Lair.
  7583 | D:9      | Reached skill level 10 in Fighting
  7652 | D:9      | Noticed a six-headed hydra
  7710 | D:9      | Noticed a boulder beetle
  7712 | D:9      | Reached skill level 10 in Invocations
  7725 | D:9      | Killed a boulder beetle
  7726 | D:9      | Reached skill level 10 in Long Blades
  7726 | D:9      | Slain by a six-headed hydra

Illustrated notes

Levels and vault maps discovered:
D:1:      ncdulo_watergridlock, layout_loops_ring,
          dreamdust_ecumenical_altar_drowned_temple
D:2:      minmay_recursive_quarters, layout_loops_ring,
          nicolae_concentric_dashed_squares_wild
D:3:      layout_loops_ring, mainiacjoe_overflow_alcove_1, minivault_23
D:4:      layout_layer_cave, skrybe_limestone_x, uniq_ijyb
D:5:      layout_gridville, mainiacjoe_overflow_alcove_4,
          grunt_dithmenos_smoke_and_mirrors, minmay_temple_entry_junction
D:6:      layout_basic, grunt_gozag_breadcrumbs, lemuel_coloured_pillars_altar,
          serial_shops, nicolae_shop_hallway_stairs, minmay_misc_feat_chi,
          chequers_serial_rivers_micro_d
D:7:      layout_basic, gammafunk_ghost_cemetery
D:8:      layout_loops_ring, overflow_temple_1_default,
          grunt_lair_entry_orc_guard_hut, hangedman_minor_gate_pass,
          uniq_harold, uniq_gastronok
D:9:      cheibrodos_barr_body, layout_irregular_city, serial_column_ruins,
          column_ruins_hut_pillars, column_ruins_grid_1,
          column_ruins_columns_corner, column_ruins_columns_straight,
          column_ruins_corridor_straight, column_ruins_columns_straight

Skill      XL: |  1  2  3  4  5  6  7  8  9 10 |
---------------+-------------------------------+-----
Armour         | 4 5 |  5.0
Shields        | 4 5 |  5.0
Fighting       | 4 5 6 8 9 10 | 10.7
Long Blades    | 3 4 5 7 8 10 | 10.0
Invocations    | 2 4 6 8 10 | 10.0
Dodging        | 2 3 5 |  5.0

Action                   |  1- 3 |  4- 6 |  7- 9 | 10-12 || total
-------------------------+-------+-------+-------+-------++-------
Melee: Long sword        |    71 |    92 |   156 |    68 ||   387
       Headbutt          |     5 |    11 |    34 |    17 ||    67
Invok: Recall Undead Har |       |       |       |     1 ||     1
Evoke: Wand              |       |       |     3 |       ||     3
  Use: Scroll            |       |     3 |     6 |     3 ||    12
       Potion            |       |     2 |       |       ||     2
 Stab: Distracted        |       |       |     2 |       ||     2
Armor: Scale mail        |    32 |    30 |       |       ||    62
       Chain mail        |       |    17 |    83 |    28 ||   128
Dodge: Dodged            |    25 |    31 |    91 |    19 ||   166
Block: Buckler           |    16 |    20 |    31 |    16 ||    83
